Map: Incorporeal LE

Players

ric - Winner!

  • Race: Protoss Protoss
  • League: Gold
  • Spawn Location: 11:00

Sindyr

  • Race: Protoss Protoss
  • League: Master
  • Spawn Location: 5:00

VOD

Have the link to the VOD?

Description

Time

  • Played on: Oct. 25, 2025, 10:26 a.m.
  • Length: 2:18
Show
View Real Time Build Order
Export as new Build Order

ric Protoss - Winner!

Build Orders: Cannon Rush 

Get SALT Encoding   

  12  0:03  Probe  
  12  0:11  Probe  
  14  0:24  Probe  
  14  0:25  Pylon  
  15  0:30  Assimilator  
  15  0:43  Probe  
  16  0:51  Forge  
  16  0:55  Probe  
  17  1:02  Pylon  
  17  1:18  Gateway  
  17  1:42  Photon Cannon  
  17  1:43  Photon Cannon  
  17  1:46  Photon Cannon  
  17  1:56  Photon Cannon  
  17  2:02  Pylon  
  16  2:15  Photon Cannon  
Show
View Real Time Build Order
Export as new Build Order

Sindyr Protoss 

Build Orders:  

Get SALT Encoding   

  12  0:03  Probe  
  13  0:15  Probe  
  14  0:23  Pylon  
  14  0:27  Probe  
  15  0:41  Probe  
  16  0:43  Gateway  
  16  0:51  Assimilator  
  16  0:53  Probe  
  17  1:05  Probe  
  18  1:17  Probe  
  19  1:26  Zealot  
  19  1:29  Probe  
  19  1:30  Cybernetics Core  
  22  1:41  Probe  
  22  1:44  Pylon  
Tags
 
Matchup
PvP
Replay Pack
Multiplayer
Spawn Locations
Cross Positions
Add a new tag
Caveats
  • Supply blocks, unpowered buildings, or Contaminate may cause inaccurate times.
  • Supply counts are checked every 10 seconds.